 Dungeon Crawl Stone Soup version 0.22.1-6-g1668fe2c40 (webtiles) character file.

12620 Jerry the Fighter (level 11, -3/92 HPs)
             Began as a Demonspawn Chaos Knight on Jan 18, 2019.
             Slain by a komodo dragon (26 damage)
             ... on level 10 of the Dungeon.
             The game lasted 00:37:18 (12304 turns).

Jerry the Fighter (Demonspawn Chaos Knight)        Turns: 12304, Time: 00:37:19

Health: -3/92      AC: 12    Str: 17    XL:     11   Next: 64%
Magic:  11/11      EV: 14    Int: 13    God:    Xom [...*..]
Gold:   681        SH:  0    Dex: 12    Spells: 10/10 levels left

rFire    + + +     SeeInvis .   A - +5 great sword (freeze)
rCold    . . .     Gourm    +   (shield currently unavailable)
rNeg     . . .     Faith    .   v - +3 ring mail {rF+}
rPois    .         Spirit   .   (helmet restricted)
rElec    .         Reflect  .   w - +2 cloak
rCorr    .         Harm     .   f - +0 pair of gloves
MR       .....     Clarity  +   (boots unavailable)
Stlth    +.........             D - amulet of the gourmand
HPRegen  0.25/turn              b - ring of stealth
MPRegen  0.12/turn              I - ring of protection from fire

@: no status effects
A: claws 1, fangs 1, hooves 3, horns 1, repulsion field 2, blink, clarity,
deformed body, fire resistance 1, mutation resistance 1, powered by death 1,
wild magic 1, flame cloud immunity, MP-powered wands
a: Blink, Renounce Religion


You were on level 10 of the Dungeon.
You worshipped Xom.
You were a favourite toy of Xom.
You were full.

You visited 3 branches of the dungeon, and saw 12 of its levels.

You collected 681 gold pieces.

Inventory:

Hand Weapons
 A - a +5 great sword of freezing (weapon)
 C - a +2 vampiric short sword
Armour
 d - a +0 buckler
 f - a +0 pair of gloves (worn)
 o - a scarf of spirit shield
 v - a +3 ring mail of fire resistance (worn)
 w - a +2 cloak (worn)
Jewellery
 b - a ring of stealth (left hand)
 D - an amulet of the gourmand (around neck)
 I - a ring of protection from fire (right hand)
Wands
 i - a wand of disintegration (7)
 q - a wand of iceblast (9)
 u - a wand of polymorph (8)
 x - a wand of random effects (15)
 F - a wand of enslavement (14)
Scrolls
 h - 4 scrolls of identify
 j - 4 scrolls of amnesia
 m - 2 scrolls of remove curse
 r - 9 scrolls of magic mapping
 s - 4 scrolls of enchant weapon
 y - 2 scrolls of teleportation
 G - a scroll of fog
Potions
 a - 2 potions of brilliance
 e - a potion of degeneration
 g - 3 potions of ambrosia
 k - 4 potions of curing
 l - a potion of resistance
 p - 4 potions of mutation
 t - 5 potions of flight
 z - a potion of haste {unknown}
 B - 3 potions of agility {unknown}
 E - a potion of magic {unknown}
Miscellaneous
 n - a crystal ball of energy
Comestibles
 c - 30 rations


   Skills:
 + Level 10.9 Fighting
 + Level 10.1 Long Blades
 + Level 9.9 Armour
 - Level 1.0 Dodging
 - Level 4.0 Shields


You had 10 spell levels left.
You didn't know any spells.
Your spell library contained the following spells:

 Spells                   Type           Power        Failure   Level  Hunger
 Apportation              Tloc           #.....       54%         1    ##.....
 Shock                    Conj/Air       #...         54%         1    ##.....
 Summon Butterflies       Summ           #.......     54%         1    ##.....
 Swiftness                Chrm/Air       #.......     67%         2    ###....
 Lesser Beckoning         Tloc           #.........   88%         3    ####...
 Static Discharge         Conj/Air       #.......     88%         3    ####...
 Tukima's Dance           Hex            #.......     88%         3    ####...
 Airstrike                Air            #.........   99%         4    #####..
 Alistair's Intoxication  Tmut/Pois      #.......     100%        5    ######.
 Lightning Bolt           Conj/Air       #.........   100%        5    ######.
 Invisibility             Hex            #.......     100%        6    #######


Dungeon Overview and Level Annotations

Branches:
Dungeon (10/15)            Temple (1/1) D:7            Lair (1/6) D:10
    Orc: D:9-12

Altars:
Ashenzari
Cheibriados
Dithmenos
Elyvilon
Fedhas
Gozag
Hepliaklqana
Kikubaaqudgha
Makhleb
Nemelex Xobeh
Okawaru
Qazlal
Ru
Sif Muna
Trog
Uskayaw
Vehumet
Wu Jian
Xom
Yredelemnul
Zin
The Shining One

Shops:
D:5 %   D:7 [   D:8 %}

Annotations:
D:9 2 transporters
Lair:1 exclusion: 2 oklob plants


Innate Abilities, Weirdness & Mutations

You have hooves in place of feet.
You are surrounded by a moderate repulsion field. (EV +3)
Your flesh is heat resistant. (rF+)
You regenerate a little health from kills.
You are immune to clouds of flame.
You have sharp fingernails.
You have very sharp teeth.
You have a pair of small horns on your head.
You can translocate small distances at will.
You possess an exceptional clarity of mind.
Armour fits poorly on your strangely shaped body.
You are somewhat resistant to further mutation.
Your spells are a little harder to cast, but a little more powerful.
You expend magic power (3 MP) to strengthen your wands.


Message History

The komodo dragon barely misses you. The komodo dragon bites you!!
The komodo dragon bites you but does no damage.
The komodo dragon hisses menacingly.
Xom titters.
The komodo dragon looks rather confused. x2
There is a staircase back to the Dungeon here.
You are too injured to fight recklessly!
The komodo dragon seems less confused.
The komodo dragon bites you!!
There is a staircase back to the Dungeon here.
You climb upwards.
Welcome back to the Dungeon!
There is a staircase to the Lair here.
You slash the komodo dragon! You freeze the komodo dragon.
You headbutt the komodo dragon, but do no damage.
You bite the komodo dragon, but do no damage.
The komodo dragon is heavily wounded.
The komodo dragon bites you!
* * * LOW HITPOINT WARNING * * *
The komodo dragon bites you!!
You die...
Xom titters!

....))...#.......#..........#....
.........#.......#+#.#......#....
.........#..................####'
.........#.....###...............
#.....(..#..#...≈...#............
#........#.#..#...#..#...........
#........#.#.##PP.##.#...........
#........#.#...PPPP..#...........
#........#.#≈..P@l..≈#.######....
.........#.#...PPPP..#.#....#....
#######..#.#.##.PP##.#.#....#....
#.....#..#.#..#...#..#.#....#....
#.....'..#..#...≈...#..#....'....
#.....#..#'....###.....#....#.###
###'###................#....#.#..
.....((.....>..........#....#.#..
...#####(.......#####..#....#.#..


You could see a komodo dragon.

Vanquished Creatures
  An unseen horror (D:10)
  Pikel (D:6)
  An oklob plant (D:10)
  Joseph (D:9)
  A black mamba (Lair:1)
  3 spiny frogs (Lair:1)
  2 komodo dragons (Lair:1)
  4 trolls
  A queen bee (Lair:1)
  2 hornets (D:10)
  Sigmund (D:3)
  5 yaks (D:10)
  2 wraiths (D:10)
  A basilisk (Lair:1)
  Eustachio (D:4)
  A hungry ghost (D:9)
  A soldier ant (D:10)
  2 water moccasins
  A porcupine (Lair:1)
  2 ice beasts
  4 slaves (D:6)
  2 orc warriors
  A phantom (D:7)
  3 sky beasts
  3 ogres
  4 centaurs
  6 crocodiles
  2 big kobolds
  6 bullfrogs
  A gnoll sergeant (D:10)
  A water moccasin zombie (D:10)
  3 scorpions
  27 killer bees
  8 wights
  A howler monkey (D:4)
  4 crimson imps
  A bullfrog zombie (D:9)
  5 hounds
  A quasit (D:7)
  6 orc priests
  2 bullfrog skeletons
  A centaur skeleton (D:4)
  2 iguanas
  Natasha (thrice) (D:4)
  5 orc wizards
  10 worker ants
  A hound skeleton (D:4)
  A worker ant zombie (D:10)
  7 gnolls
  10 adders
  A river rat (D:4)
  2 shadow imps
  2 oozes
  An adder skeleton (D:10)
  4 worms
  2 dart slugs (D:1)
  4 leopard geckos
  A leopard gecko (shapeshifter) (D:3)
  22 orcs
  5 giant cockroaches
  2 hobgoblins
  15 kobolds
  4 quokkas
  A ball python (D:4)
  7 bats
  6 goblins
  A jackal skeleton (D:4)
  3 leopard gecko skeletons
  A quokka skeleton (D:5)
  11 rats
  A bush (D:2)
  A plant (D:10)
262 creatures vanquished.

Vanquished Creatures (collateral kills)
  A wraith (D:10)
  A yak (D:10)
  2 ogres
  A bullfrog (D:8)
  A wight (D:5)
  A killer bee (Lair:1)
  A goblin (D:3)
  A hobgoblin (D:3)
  2 kobolds
11 creatures vanquished.

Vanquished Creatures (others)
  2 killer bees (Lair:1)
  3 plants
5 creatures vanquished.

Grand Total: 278 creatures vanquished

Notes
Turn   | Place    | Note
-------+----------+-------------------------------------------
     0 | D:1      | Jerry the Demonspawn Chaos Knight began the quest for the
                  | Orb.
     0 | D:1      | Reached XP level 1. HP: 18/18 MP: 1/1
    21 | D:1      | Reached skill level 1 in Dodging
    54 | D:1      | XOM: harmless Tloc miscast
    75 | D:1      | Gained mutation: You regenerate a little health from kills.
                  | [demonic ancestry]
    75 | D:1      | Reached XP level 2. HP: 23/24 MP: 2/2
   108 | D:1      | XOM: cloud trail
   516 | D:1      | Gained mutation: You have large cloven feet. [demonic
                  | ancestry]
   516 | D:1      | Reached XP level 3. HP: 10/29 MP: 3/3
   617 | D:1      | XOM: god gift: 44 gold pieces
   724 | D:1      | XOM: harmless Tmut miscast
   849 | D:1      | Reached skill level 1 in Shields
   915 | D:1      | XOM: noise
  1289 | D:2      | Gained mutation: Your flesh is heat resistant. (rF+)
                  | [demonic ancestry]
  1289 | D:2      | Reached XP level 4. HP: 17/35 MP: 4/4
  1528 | D:2      | XOM: divination: detect creatures
  1615 | D:2      | Noticed an ogre
  1616 | D:2      | XOM: cast spell 'Summon Mana Viper'
  1620 | D:2      | Killed an ogre
  2018 | D:2      | XOM: god gift: war axe {god gift}
  2107 | D:2      | Gained mutation: You are surrounded by a mild repulsion
                  | field. (EV +2) [demonic ancestry]
  2107 | D:2      | Reached XP level 5. HP: 42/42 MP: 5/5
  2479 | D:3      | XOM: give mutation
  2479 | D:3      | Gained mutation: Your body sometimes deteriorates upon
                  | taking damage. [Xom's mischief]
  2541 | D:3      | Noticed Sigmund
  2632 | D:3      | XOM: summons friendly white imp
  2638 | D:3      | Killed Sigmund
  2638 | D:3      | Gained mutation: You have hoof-like feet. [demonic
                  | ancestry]
  2638 | D:3      | Reached XP level 6. HP: 48/48 MP: 6/6
  2824 | D:3      | XOM: medium Ice miscast
  3196 | D:3      | XOM: harmless Tloc miscast
  3237 | D:3      | XOM: divination: detect creatures
  3374 | D:3      | XOM: divination: magic mapping
  3448 | D:3      | XOM: medium Tmut miscast
  3804 | D:4      | Noticed Natasha
  3816 | D:4      | Killed Natasha
  3899 | D:4      | XOM: noise
  4017 | D:4      | XOM: divination: detect items
  4222 | D:4      | XOM: polymorph adder -> river rat
  4235 | D:4      | Noticed Natasha
  4241 | D:4      | Killed Natasha
  4241 | D:4      | Gained mutation: You are immune to clouds of flame.
                  | [demonic ancestry]
  4241 | D:4      | Reached XP level 7. HP: 55/55 MP: 7/7
  4253 | D:4      | Noticed Eustachio
  4260 | D:4      | XOM: harmless Necr miscast
  4261 | D:4      | XOM: smoke on damage
  4266 | D:4      | Killed Eustachio
  4346 | D:4      | Reached skill level 5 in Fighting
  4383 | D:4      | Found a shattered altar of Ashenzari.
  4731 | D:4      | Noticed Natasha
  4731 | D:4      | XOM: potion effect (invisibility)
  4738 | D:4      | XOM: harmless Hex miscast
  4740 | D:4      | Killed Natasha
  5136 | D:5      | Entered Level 5 of the Dungeon
  5148 | D:5      | XOM: enchant monster (good)
  5238 | D:5      | Gained mutation: You have hooves in place of feet. [demonic
                  | ancestry]
  5238 | D:5      | Reached XP level 8. HP: 63/63 MP: 8/8
  5266 | D:5      | XOM: noise
  5277 | D:5      | Reached skill level 5 in Long Blades
  5472 | D:5      | Found a sparkling altar of Nemelex Xobeh.
  5508 | D:5      | XOM: chaos upgrade
  5569 | D:5      | Found Cydegoud's Food Shoppe.
  5733 | D:5      | Reached skill level 5 in Armour
  5974 | D:5      | XOM: divination: detect items
  5984 | D:5      | XOM: divination: detect creatures
  6061 | D:5      | XOM: confuse monster(s)
  6099 | D:4      | XOM: mild Air miscast
  6365 | D:5      | XOM: divination: detect creatures
  6370 | D:5      | XOM: potion effect (might)
  6455 | D:4      | XOM: god gift: mace {god gift}
  6539 | D:5      | XOM: cast spell 'Dispersal'
  6632 | D:5      | XOM: cleaving
  6633 | D:5      | HP: 1/65 [wight/morningstar (9)]
  6634 | D:5      | XOM: summons 5 friendly demons
  6999 | D:6      | Noticed Pikel
  7009 | D:6      | XOM: enchant monster (good)
  7024 | D:6      | XOM: enchant monster (good)
  7031 | D:6      | Killed Pikel
  7031 | D:6      | Gained mutation: You are surrounded by a moderate repulsion
                  | field. (EV +3) [demonic ancestry]
  7031 | D:6      | Reached XP level 9. HP: 69/72 MP: 9/9
  7300 | D:6      | XOM: give mutations
  7300 | D:6      | Gained mutation: You possess an exceptional clarity of
                  | mind. [Xom's grace]
  7300 | D:6      | Gained mutation: You can translocate small distances at
                  | will. [Xom's grace]
  7300 | D:6      | Gained mutation: You have a beak for a mouth. [Xom's grace]
  7390 | D:7      | XOM: god gift: papyrus book {god gift}
  7464 | D:7      | Found a staircase to the Ecumenical Temple.
  7476 | Temple   | Entered the Ecumenical Temple
  7655 | Temple   | XOM: give mutations
  7655 | Temple   | Gained mutation: You have sharp fingernails. [Xom's grace]
  7655 | Temple   | Gained mutation: You have a pair of small horns on your
                  | head. [Xom's grace]
  7655 | Temple   | Gained mutation: You expend magic power (3 MP) to
                  | strengthen your wands. [Xom's grace]
  8010 | D:7      | Found Xar Ohuh's Armour Shop.
  8329 | D:8      | XOM: enchant monster (good)
  8480 | D:8      | Found a stormy altar of Qazlal.
  8526 | D:8      | Found Saebbur's Gadget Shop.
  8553 | D:8      | Found Wuocyesh's Food Boutique.
  8687 | D:8      | XOM: divination: magic mapping
  8819 | D:9      | XOM: noise
  8871 | D:9      | XOM: 1-stop teleportation journey
  8915 | D:9      | Noticed a troll
  8927 | D:9      | Killed a troll
  9015 | D:9      | XOM: harmless Fire miscast
  9076 | D:9      | Reached XP level 10. HP: 82/82 MP: 10/10
  9224 | D:9      | Found a transporter.
  9261 | D:9      | Noticed Joseph
  9265 | D:9      | XOM: give mutations
  9265 | D:9      | Gained mutation: Your spells are a little harder to cast,
                  | but a little more powerful. [Xom's grace]
  9265 | D:9      | Lost mutation: You have a beak for a mouth. [Xom's grace]
  9265 | D:9      | Gained mutation: You have very sharp teeth. [Xom's grace]
  9270 | D:9      | XOM: potion effect (haste)
  9272 | D:9      | Killed Joseph
  9327 | D:9      | XOM: scenery: create altars
  9549 | D:9      | XOM: scenery: create altars
  9601 | D:9      | Found a transporter.
  9657 | D:10     | Entered Level 10 of the Dungeon
  9669 | D:10     | XOM: confuse monster(s)
  9670 | D:10     | XOM: scenery: 1 doors open, 1 doors close
  9723 | D:10     | XOM: god gift: peridot ring {god gift}
  9771 | D:10     | Found a staircase to the Lair.
  9771 | D:10     | Noticed an oklob plant
  9804 | D:10     | XOM: 1-stop teleportation journey
 10092 | D:10     | XOM: confuse monster(s)
 10135 | D:10     | Killed an unseen horror
 10379 | D:10     | Reached skill level 10 in Fighting
 10379 | D:10     | Reached XP level 11. HP: 90/90 MP: 11/11
 10534 | D:10     | XOM: cloud trail
 10839 | D:10     | XOM: divination: detect creatures
 10883 | D:10     | XOM: god gift: scroll labeled BYKKOR HOAC {god gift}
 11231 | D:10     | Killed an oklob plant
 11301 | D:10     | XOM: scenery: 1 doors close
 11304 | Lair:1   | Entered Level 1 of the Lair of Beasts
 11375 | Lair:1   | Noticed an oklob plant
 11375 | Lair:1   | Noticed an oklob plant
 11457 | Lair:1   | XOM: cleaving
 11469 | Lair:1   | XOM: blink monster(s)
 11473 | Lair:1   | XOM: summons friendly crimson imp
 11475 | Lair:1   | XOM: enchant monster (bad)
 11535 | Lair:1   | XOM: noise
 11570 | Lair:1   | XOM: harmless Fire miscast
 11766 | Lair:1   | XOM: give mutations
 11766 | Lair:1   | Lost mutation: Your body sometimes deteriorates upon taking
                  | damage. [Xom's mischief]
 11766 | Lair:1   | Gained mutation: Armour fits poorly on your strangely
                  | shaped body. [Xom's mischief]
 11780 | Lair:1   | XOM: blink monster(s)
 11946 | Lair:1   | Reached skill level 10 in Long Blades
 11987 | Lair:1   | XOM: give mutation
 11987 | Lair:1   | Gained mutation: You are somewhat resistant to further
                  | mutation. [Xom's grace]
 12295 | Lair:1   | XOM: confuse monster(s)
 12304 | D:10     | Slain by a komodo dragon

Skill      XL: |  1  2  3  4  5  6  7  8  9 10 11 |
---------------+----------------------------------+-----
Dodging        | 1 |  1.0
Armour         | 2 3 4 6 7 8 9 |  9.9
Long Blades    | 3 4 6 7 9 10 | 10.1
Shields        | 1 2 3 4 |  4.0
Fighting       | 4 5 7 8 10 | 10.9

Action                   |  1- 3 |  4- 6 |  7- 9 | 10-12 || total
-------------------------+-------+-------+-------+-------++-------
Melee: Falchion          |    64 |   189 |   204 |       ||   457
       Kick              |     5 |    72 |    81 |    71 ||   229
       Unarmed           |       |    48 |     3 |       ||    51
       Great sword       |       |       |   134 |   234 ||   368
       Headbutt          |       |       |    13 |    48 ||    61
       Peck              |       |       |    12 |     2 ||    14
       Bite              |       |       |       |    16 ||    16
Evoke: Wand              |       |       |     6 |     2 ||     8
  Use: Scroll            |       |     3 |    13 |     5 ||    21
       Potion            |       |     1 |     6 |       ||     7
 Stab: Confused          |     1 |       |     2 |     2 ||     5
       Paralysed         |       |       |     5 |       ||     5
       Petrified         |       |       |     4 |       ||     4
       Petrifying        |       |       |     1 |       ||     1
  Eat: Chunk             |     1 |    10 |    19 |    16 ||    46
       Ration            |       |       |     2 |       ||     2
Armor: Leather armour    |    33 |    36 |       |       ||    69
       Ring mail         |       |     3 |   169 |   109 ||   281
       Skin              |       |       |   100 |       ||   100
Dodge: Dodged            |    51 |   121 |   273 |   206 ||   651
Block: Buckler           |       |       |    63 |       ||    63
       Rpst.: Falchion   |    14 |    20 |    40 |       ||    74
       Great sword       |       |       |    37 |    51 ||    88
